 Dungeon Crawl Stone Soup version 0.26-a0-346-g33516b1736 (webtiles) character file.

Game seed: 17460713090861829773

29146 MrRokkomies the Covert (level 13, -1/63 HPs)
             Began as a Spriggan Venom Mage on July 16, 2020.
             Was a High Priest of Sif Muna.
             Slain by a death scarab (18 damage)
             ... in a Gauntlet on July 17, 2020.
             The game lasted 01:33:18 (23565 turns).

MrRokkomies the Covert (Spriggan Venom Mage)       Turns: 23565, Time: 01:33:18

Health: -1/63      AC:  5    Str:  8    XL:     13   Next: 13%
Magic:  21/21      EV: 27    Int: 17    God:    Sif Muna [*****.]
Gold:   234        SH: 14    Dex: 17    Spells: 4/22 levels left

rFire    . . .     SeeInvis +   b - +2 dagger (elec)
rCold    + + .     Faith    .   X - +3 warlock's mirror {reflect}
rNeg     . . .     Spirit   .   F - +2 robe {rC+}
rPois    .         Reflect  +   V - +0 hat of Lesser Demons {+Inv} (curse)
rElec    .         Harm     .   l - +0 cloak
rCorr    .         NoTele   +   (gloves unavailable)
MR       +++..                  (boots unavailable)
Stlth    ++++++....             v - amulet of reflection
HPRegen  0.20/turn              q - ring of protection from magic
MPRegen  0.17/turn              I - ring of protection from cold

@: mighty, slowed, quick
A: very small, unfitting armour, see invisible, speed 3
a: Channel Magic, Forget Spell, Divine Exegesis, Renounce Religion, Evoke
Invisibility


You were in a Gauntlet.
You worshipped Sif Muna.
Sif Muna was extremely pleased with you.
You visited 4 branches of the dungeon, and saw 17 of its levels.
You visited 1 bazaar.
You also visited: Gauntlet.

You collected 1719 gold pieces.
You spent 1485 gold pieces at shops.

Inventory:

Hand Weapons
 a - a +2 dagger of venom
 b - a +2 dagger of electrocution (weapon)
Missiles
 g - 4 silver boomerangs
 h - 2 throwing nets
 i - 44 boomerangs (quivered)
 E - 7 curare-tipped darts
 U - 3 boomerangs of dispersal
Armour
 l - a +0 cloak (worn)
 A - a +2 robe of fire resistance
 F - a +2 robe of cold resistance (worn)
 V - the cursed +0 hat of Lesser Demons (worn) {+Inv}
   (You found it in a Gauntlet)

   It lets you turn invisible.
   It has a curse placed upon it.
 X - the +3 warlock's mirror (worn) {reflect}
   (You acquired it on level 2 of the Orcish Mines)
 Y - a +1 hat
Magical Staves
 J - an uncursed staff of conjuration
 L - an uncursed staff of poison
Jewellery
 m - an uncursed ring of protection from fire
 p - an uncursed ring of resist corrosion
 q - a ring of protection from magic (left hand)
 v - an amulet of reflection (around neck)
 C - an uncursed amulet of the acrobat
 I - a ring of protection from cold (right hand)
 O - an uncursed ring of protection from fire
 Z - an uncursed ring of ice
Wands
 y - a wand of disintegration (28)
 B - a wand of iceblast (22)
 D - a wand of clouds (2)
 N - a wand of flame (47)
 Q - a wand of paralysis (12)
 S - a wand of digging (5)
Scrolls
 c - 4 scrolls of teleportation
 d - 2 scrolls of immolation
 j - 3 scrolls of remove curse
 n - 7 scrolls of amnesia
 u - 3 scrolls of enchant armour
 w - a scroll of blinking
 G - 2 scrolls of magic mapping
 K - 2 scrolls of identify
 P - 2 scrolls of enchant weapon
 T - a scroll of fog
Potions
 e - a potion of invisibility
 f - a potion of mutation
 k - 2 potions of haste
 o - 5 potions of curing
 r - 2 potions of lignification
 s - a potion of magic
 t - 2 potions of heal wounds
 x - 3 potions of might
 z - a potion of cancellation
 H - a potion of flight {unknown}
 M - a potion of resistance
 R - 3 potions of brilliance
 W - a potion of ambrosia


   Skills:
 - Level 5.0 Fighting
 - Level 10.0 Short Blades
 * Level 2.1 Throwing
 - Level 12.0 Dodging
 + Level 14.0 Stealth
 + Level 2.7 Shields
 - Level 5.2 Spellcasting
 - Level 6.0 Transmutations
 - Level 4.4 Ice Magic
 - Level 5.0 Air Magic
 - Level 8.0 Poison Magic
 * Level 8.3 Invocations


You had 4 spell levels left.
You knew the following spells:

 Your Spells              Type           Power        Failure   Level
a - Sting                 Tmut/Pois      ####         1%          1
b - Poisonous Vapours     Pois/Air       ####..       1%          2
c - Mephitic Cloud        Conj/Pois/Air  ###.....     10%         3
d - Ignite Poison         Fire/Tmut/Pois ###.....     9%          3
e - Olgreb's Toxic Radia  Pois           ####....     7%          4
f - Ozocubu's Armour      Ice            ###.....     9%          3
g - Blink                 Tloc           N/A          28%         2

Your spell library contained the following spells:

 Spells                   Type           Power        Failure   Level
 Wereblood                Tmut           ###.....     2%          2
 Magic Dart               Conj           #...         19%         1
 Ice Form                 Ice/Tmut       ###.....     22%         4
 Call Imp                 Summ           #.......     28%         2
 Slow                     Hex            #.......     28%         2
 Conjure Flame            Conj/Fire      #.......     50%         3
 Metabolic Englaciation   Hex/Ice        ##........   91%         5
 Ozocubu's Refrigeration  Ice            ###.......   99%         6
 Freezing Cloud           Conj/Ice/Air   ###.......   100%        6
 Simulacrum               Ice/Necr       ##........   100%        6


Dungeon Overview and Level Annotations

Branches:
Dungeon (9/15)             Temple (1/1) D:4            Lair (5/6) D:8
  Swamp (0/4) Lair:3        Snake (0/4) Lair:3          Orc (2/2) D:9
    Elf (0/3) Orc:2       Gauntlet (1/1)
  Slime: Lair:5-6

Altars:
Ashenzari
Cheibriados
Dithmenos
Elyvilon
Fedhas
Gozag
Hepliaklqana
Kikubaaqudgha
Makhleb
Nemelex Xobeh
Okawaru
Qazlal
Ru
Sif Muna
Trog
Uskayaw
Vehumet
Wu Jian
Xom
Yredelemnul
Zin
The Shining One
Beogh

Shops:
Orc:1 *   Orc:2 ??:}

Annotations:
Lair:3 3 runed translucent doors, PirateVox's ghost, journeyman TrBe Gauntlet 10 transporters


Innate Abilities, Weirdness & Mutations

You are very small and have problems with some larger weapons.
You are too small for most types of armour.
You have supernaturally acute eyesight. (SInv)
You cover ground extremely quickly.


Message History

You feel as though you will be slow longer.
The death scarab draws strength from your injuries!
You block the death scarab's attack. The death scarab barely misses you.
You hit the death scarab.
The death scarab is lightly damaged.
You block the death scarab's attack. The death scarab bites you.
The death scarab drains your vigour!
You feel as though you will be slow longer.
The death scarab draws strength from your injuries!
The wolf spider hisses angrily.
You hit the death scarab.
The death scarab is moderately damaged.
The death scarab bites you!
* * * LOW HITPOINT WARNING * * *
The death scarab draws strength from your injuries!
You closely miss the death scarab.
The death scarab is lightly damaged.
The cane toad changes into a troll!
You block the death scarab's attack. x2
The death scarab bites you!!
You die...

##≈.#.#.©!..#.#.[)©.!2#.#.[
##.#.#[:##.#.#....##4#.#..
##≈.#..##..##.#..##.#.#.#.#
#≈≈.##.T©^.##.#..#©.#.#.#..
##≈.##.s##..#.#.#..##.#.#.#
##.#.##..#.#.#.####..#.#..
##≈.#.....#.#.#2......#.#..
#≈≈.###################.###
##≈....#©.@s.©....©#.......
##.P7.#############...7P..
##≈......##Z#©#.##......P..
#≈≈.PPP7.#.#(#.#.#...#≈#≈#.
##≈..PPP.##.#.#.##.P.≈≈≈≈≈P
##..P.7.#.#.#©#.#.7P#≈#≈#.
#≈...P.##.#.#.##...≈≈≈≈≈.
#≈≈..7.#.#.#.#.#...#≈#≈#.
####...##.#.#.##.........


You could see a blizzard demon, a wolf spider, a spectral death yak, a troll
shaped shifter and a death scarab.

Vanquished Creatures
  Gastronok (Lair:2)
  Fannar (Lair:3)
  A hydra (Lair:2)
  A catoblepas (Lair:5)
  6 orc knights
  8 orc sorcerers
  3 torpor snails (Lair:1)
  Joseph (D:8)
  5 cane toads
  3 komodo dragons
  2 trolls (Orc:1)
  3 hornets (Gauntlet)
  5 blink frogs (Lair:2)
  A tyrant leech (Lair:3)
  4 hippogriffs
  A wyvern (Lair:4)
  6 yaks
  A fire elemental (Orc:1)
  Grum (Lair:1)
  Menkaure (D:4)
  5 wargs
  A swamp worm (Lair:3)
  A naga (Lair:3)
  7 porcupines
  Duvessa (D:7)
  23 orc warriors
  6 water moccasins
  An ice beast (D:6)
  2 sky beasts
  3 phantoms
  8 ogres
  A centaur (D:4)
  16 wolves
  11 crocodiles
  3 big kobolds
  8 bullfrogs
  A wyvern zombie (D:9)
  3 scorpions
  Dowan (D:7)
  10 killer bees (D:9)
  3 electric eels
  3 howler monkeys (D:8)
  3 centaur zombies
  A quasit (D:9)
  10 hounds
  2 jellies (D:3)
  14 orc priests
  2 iguanas
  9 worker ants
  35 orc wizards
  A hound skeleton (D:7)
  2 worker ant zombies
  12 gnolls
  6 adders
  A white imp (D:6)
  2 ufetubi
  9 oozes (D:3)
  2 adder zombies
  An adder skeleton (D:9)
  8 worms
  5 dart slugs
  3 leopard geckos
  114 orcs
  A ball python (D:2)
  8 giant cockroaches
  5 hobgoblins
  19 jackals
  25 kobolds
  6 quokkas
  6 bats
  6 frilled lizards
  9 goblins
  A leopard gecko skeleton (D:4)
  6 rats
507 creatures vanquished.

Vanquished Creatures (collateral kills)
  An orc (Orc:2)
1 creature vanquished.

Vanquished Creatures (others)
  An orc wizard (Orc:2)
  8 toadstools (D:3)
9 creatures vanquished.

Grand Total: 517 creatures vanquished

Notes
Turn   | Place    | Note
-------+----------+-------------------------------------------
     0 | D:1      | MrRokkomies the Spriggan Venom Mage began the quest for the
                  | Orb.
     0 | D:1      | Reached XP level 1. HP: 9/9 MP: 5/5
   245 | D:1      | Reached XP level 2. HP: 13/13 MP: 3/6
   254 | D:1      | Learned a level 2 spell: Poisonous Vapours
   451 | D:1      | Reached XP level 3. HP: 16/16 MP: 1/8
   998 | D:2      | Found a faded altar of an unknown god.
  1394 | D:2      | Reached XP level 4. HP: 21/21 MP: 9/9
  1511 | D:2      | Reached skill level 4 in Stealth
  2204 | D:3      | Found a shimmering altar of Xom.
  2458 | D:3      | Reached XP level 5. HP: 19/24 MP: 10/10
  2680 | D:3      | Learned a level 3 spell: Mephitic Cloud
  2684 | D:3      | Learned a level 3 spell: Ignite Poison
  3168 | D:3      | Reached XP level 6. HP: 23/28 MP: 1/11
  3271 | D:3      | Reached skill level 5 in Stealth
  3416 | D:3      | Found a hide-covered altar of Uskayaw.
  3678 | D:4      | Reached skill level 5 in Transmutations
  3820 | D:4      | Reached skill level 5 in Dodging
  3820 | D:4      | Reached skill level 5 in Poison Magic
  4045 | D:4      | Reached XP level 7. HP: 32/32 MP: 7/12
  4317 | D:4      | Reached skill level 6 in Stealth
  4450 | D:4      | Reached skill level 1 in Air Magic
  4629 | D:4      | Noticed Menkaure
  4665 | D:5      | Entered Level 5 of the Dungeon
  4952 | D:5      | Found a blossoming altar of Fedhas.
  5365 | D:5      | Found a stormy altar of Qazlal.
  5423 | D:5      | Reached XP level 8. HP: 29/36 MP: 13/13
  5639 | D:5      | Found an iron altar of Okawaru.
  6102 | D:6      | Reached skill level 7 in Stealth
  6635 | D:6      | Upgraded the game from 0.26-a0-317-ge2f3d4a7ca to
                  | 0.26-a0-346-g33516b1736
  7642 | D:7      | Noticed a hippogriff
  7658 | D:7      | Killed a hippogriff
  7658 | D:7      | Reached skill level 8 in Stealth
  7658 | D:7      | Reached XP level 9. HP: 26/39 MP: 2/14
  7834 | D:7      | Noticed Duvessa
  7834 | D:7      | Noticed Dowan
  7840 | D:7      | Killed Dowan
  7933 | D:7      | Found a basalt altar of Yredelemnul.
  8183 | D:7      | Killed Duvessa
  8183 | D:7      | Reached skill level 5 in Air Magic
  8316 | D:7      | Found a burning altar of Makhleb.
  8408 | D:7      | Learned a level 4 spell: Olgreb's Toxic Radiance
  8447 | D:8      | Found a staircase to the Lair.
  8916 | D:8      | Reached skill level 1 in Short Blades
  9034 | D:8      | Noticed Joseph
  9040 | D:8      | Killed Joseph
  9040 | D:8      | Reached skill level 1 in Fighting
  9097 | D:8      | Found a shadowy altar of Dithmenos.
  9120 | D:8      | Reached skill level 9 in Stealth
  9225 | D:8      | Found a bloodstained altar of Trog.
  9860 | D:6      | Found a glowing golden altar of the Shining One.
  9860 | D:6      | Found a white marble altar of Elyvilon.
  9860 | D:6      | Found a glowing silver altar of Zin.
  9860 | D:6      | Found an ornate altar of the Wu Jian Council.
 10579 | D:9      | Reached XP level 10. HP: 49/49 MP: 8/15
 11270 | D:9      | Reached skill level 5 in Short Blades
 11301 | D:9      | Reached skill level 10 in Stealth
 11553 | D:9      | Found a staircase to the Orcish Mines.
 11817 | D:4      | Killed Menkaure
 12041 | D:4      | Found a staircase to the Ecumenical Temple.
 12050 | Temple   | Entered the Ecumenical Temple
 12467 | Temple   | Became a worshipper of Sif Muna the Loreminder
 12671 | Orc:1    | Entered Level 1 of the Orcish Mines
 12970 | Orc:1    | Found Aedoeffu's Alliterative Accessories.
 13010 | Orc:1    | Bought a scroll of acquirement for 624 gold pieces
 13010 | Orc:1    | Acquired an uncursed staff of poison
 13275 | Orc:1    | Noticed an orc sorcerer
 13287 | Orc:1    | Noticed an orc knight
 13294 | Orc:1    | Killed an orc sorcerer
 13295 | Orc:1    | Noticed an orc knight
 13592 | Orc:1    | Killed an orc knight
 13592 | Orc:1    | Reached skill level 10 in Dodging
 13864 | Orc:2    | Entered Level 2 of the Orcish Mines
 13869 | Orc:2    | Found a flickering gateway to a bazaar.
 13872 | Orc:2    | Noticed an orc knight
 13874 | Orc:2    | Reached skill level 5 in Fighting
 13883 | Orc:2    | Reached * piety under Sif Muna
 13889 | Orc:2    | Killed an orc knight
 13889 | Orc:2    | Reached skill level 11 in Stealth
 13889 | Orc:2    | Reached XP level 11. HP: 24/55 MP: 0/18
 13965 | Bazaar   | Entered a bazaar
 13965 | Bazaar   | Found Nulai's Assorted Antiques.
 14083 | Bazaar   | Found Hoxtush's Antique Weapon Emporium.
 14113 | Bazaar   | Found Waguozas's Distillery.
 14121 | Bazaar   | Found Jiwk's Antique Weapon Shoppe.
 14157 | Bazaar   | Bought a notched silver ring for 125 gold pieces
 14157 | Bazaar   | Bought a scroll labeled MARUISTAJU for 25 gold pieces
 14157 | Bazaar   | Bought a scroll labeled YPUKOJETOT for 25 gold pieces
 14188 | Bazaar   | Bought a glowing short sword for 114 gold pieces
 14271 | Orc:2    | Found Ziesim's Magic Scroll Boutique.
 14271 | Orc:2    | Noticed an orc sorcerer
 14279 | Orc:2    | Noticed an orc sorcerer
 14300 | Orc:2    | Killed an orc sorcerer
 14661 | Orc:2    | Killed an orc sorcerer
 14661 | Orc:2    | Reached skill level 5 in Spellcasting
 14945 | Orc:2    | Found Weojua's Magic Scroll Emporium.
 14998 | Orc:2    | Reached ** piety under Sif Muna
 15094 | Orc:2    | Noticed an orc sorcerer
 15099 | Orc:2    | Killed an orc sorcerer
 15099 | Orc:2    | Reached skill level 1 in Invocations
 15247 | Orc:2    | Noticed an orc knight
 15267 | Orc:2    | Killed an orc knight
 15268 | Orc:2    | Noticed an orc sorcerer
 15393 | Orc:2    | Killed an orc sorcerer
 15441 | Orc:2    | Found a roughly hewn altar of Beogh.
 15443 | Orc:2    | Noticed an orc sorcerer
 15448 | Orc:2    | Killed an orc sorcerer
 16051 | Orc:2    | Found a staircase to the Elven Halls.
 16075 | Orc:2    | Noticed an orc knight
 16101 | Orc:1    | Noticed an orc sorcerer
 16110 | Orc:2    | Found a roughly hewn altar of Beogh.
 16119 | Orc:2    | Killed an orc knight
 16125 | Orc:2    | Reached *** piety under Sif Muna
 16133 | Orc:2    | Noticed an orc sorcerer
 16235 | Orc:2    | Killed an orc sorcerer
 16235 | Orc:2    | Reached skill level 12 in Stealth
 16362 | Orc:2    | Found a radiant altar of Vehumet.
 16444 | Orc:2    | Found Wurisiel's Gadget Emporium.
 16444 | Orc:2    | Found Erphofyef's Book Boutique.
 16523 | Orc:1    | Noticed an orc knight
 16526 | Orc:1    | Killed an orc sorcerer
 16581 | Orc:1    | Killed an orc knight
 16887 | Orc:1    | Killed an orc knight
 17523 | Lair:1   | Entered Level 1 of the Lair of Beasts
 17565 | Lair:1   | Learned a level 3 spell: Ozocubu's Armour
 17590 | Lair:1   | Reached XP level 12. HP: 39/60 MP: 20/20
 17859 | Lair:1   | Reached skill level 5 in Invocations
 18364 | Lair:1   | Reached skill level 10 in Short Blades
 18537 | Lair:1   | Noticed Grum
 18548 | Lair:1   | Killed Grum
 18548 | Lair:1   | Reached **** piety under Sif Muna
 18696 | Lair:1   | Reached skill level 1 in Ice Magic
 18837 | Lair:1   | Found a snail-covered altar of Cheibriados.
 18991 | Lair:1   | Learned a level 2 spell: Blink
 19312 | Orc:2    | Bought a scroll of acquirement for 572 gold pieces
 19312 | Orc:2    | Acquired the +3 warlock's mirror {reflect}
 19313 | Orc:2    | Found the +3 warlock's mirror {reflect}
 19539 | Lair:2   | Noticed Gastronok
 19549 | Lair:2   | Killed Gastronok
 19549 | Lair:2   | Reached skill level 13 in Stealth
 19549 | Lair:2   | Reached skill level 1 in Shields
 19574 | Lair:2   | You fall into a shaft and drop 1 floor!
 19599 | Lair:3   | Noticed Fannar
 19614 | Lair:3   | Killed Fannar
 19949 | Lair:2   | Noticed a seven-headed hydra
 20001 | Lair:2   | Killed a seven-headed hydra
 21026 | Lair:3   | Found a runed translucent gate.
 21026 | Lair:3   | Found a runed translucent gate.
 21049 | Lair:3   | Found a staircase to the Snake Pit.
 21460 | Lair:3   | Found a runed translucent gate.
 21460 | Lair:3   | Noticed PirateVox's ghost (journeyman TrBe)
 21844 | Lair:3   | Found a staircase to the Swamp.
 22669 | Lair:4   | Reached ***** piety under Sif Muna
 22678 | Lair:4   | Reached XP level 13. HP: 54/63 MP: 21/21
 23157 | Lair:5   | Reached skill level 1 in Throwing
 23185 | Lair:5   | Found a gate leading to a gauntlet.
 23205 | Gauntlet | Entered a Gauntlet
 23205 | Gauntlet | Found a transporter.
 23250 | Gauntlet | Found a transporter.
 23252 | Gauntlet | Found a transporter.
 23261 | Gauntlet | Found a transporter.
 23263 | Gauntlet | Found a transporter.
 23271 | Gauntlet | Found a transporter.
 23284 | Gauntlet | Noticed a blizzard demon
 23287 | Gauntlet | Found a transporter.
 23302 | Gauntlet | Found a transporter.
 23316 | Gauntlet | Found a transporter.
 23368 | Gauntlet | Found a transporter.
 23382 | Gauntlet | Found a transporter.
 23403 | Gauntlet | Found a transporter.
 23403 | Gauntlet | Found a transporter.
 23431 | Gauntlet | Found a transporter.
 23482 | Gauntlet | Reached skill level 14 in Stealth
 23486 | Gauntlet | Got a faintly glowing hat
 23497 | Gauntlet | Identified the cursed +0 hat of Lesser Demons {+Inv} (You
                  | found it in a Gauntlet)
 23565 | Gauntlet | Slain by a death scarab

Illustrated notes

Levels and vault maps discovered:
D:1:      dpeg_arrival_long_road, layout_loops_ring, minmay_crystal_room
D:2:      layout_basic, chequers_ecumenical_altar_simple_redux,
          minmay_tromino_i4
D:3:      cheibrodos_fertilizer, layout_basic, nicolae_overflow_crystal_walls,
          eat_drink_and_be_merry_uskayaw
D:4:      layout_cave_pools, minmay_temple_entry_poolview,
          kennysheep_small_circle, uniq_menkaure
D:5:      layout_loops_ring, kennysheep_mini_moat, okawaru_metal_pillars_1_2,
          nicolae_qazlal_eye_of_the_storm
D:6:      layout_cave_pods, nicolae_overflow_hidden_temple
D:7:      layout_rooms, lemuel_doored_altar, kennysheep_mini, kennysheep_nub,
          uniq_duvessa
D:8:      layout_loops_ring, nicolae_dithmenos_shadow_blocks,
          lightli_temple_of_fire, lair_entry_dummy, minmay_misc_feat_nine_boxes,
          uniq_joseph
D:9:      layout_cave_pools, david_orc_4, minmay_tree_intersection, eino_jars
Temple:   compressed_dpeg_triangle_lava_temple
Lair:1:   layout_long_grid, st_stairs_12, kennysheep_snail_temple,
          serial_bayou_shore_a, grunt_megastairs_4, uniq_grum
Lair:2:   beast_lair_carwin_large_4, layout_regular_city, uniq_gastronok
Lair:3:   layout_gridlike, minmay_swamp_entry_worms,
          guppyfry_snake_entry_island, ebering_ghost_rock_garden,
          infiniplex_staircase_pool_2, uniq_fannar
Lair:4:   layout_loops_ring, st_stairs_10, infiniplex_staircase_pool
Lair:5:   wander_river, layout_long_grid, gauntlet_entry_generic,
          grunt_megastairs_1
Orc:1:    layout_caves, nicolae_orc_flooded_monolith, nicolae_orc_lava_tube,
          nicolae_alphabet_shops
Orc:2:    st_orc_town, layout_caves, basic_altar, serial_shops,
          bzr_entry_customers, mines2_david
Gauntlet: minmay_gauntlet_77_tree [minmay_gauntlet_arena_77_terracotta_army,
          minmay_gauntlet_arena_77_checkered,
          minmay_gauntlet_arena_77_block_sizes,
          minmay_gauntlet_arena_77_squiggly,
          minmay_gauntlet_arena_77_hold_the_fort,
          minmay_gauntlet_arena_77_chump_sandwich,
          minmay_gauntlet_arena_77_broken_ladder, gauntlet_exit_green]

Skill      XL: |  1  2  3  4  5  6  7  8  9 10 11 12 13 |
---------------+----------------------------------------+-----
Transmutations | 2 3 4 5 6 |  6.0
Stealth        | 4 5 6 8 9 11 12 13 14 | 14.0
Dodging        | 4 5 6 7 8 10 11 12 | 12.0
Poison Magic   | 4 5 6 7 8 |  8.0
Air Magic      | 2 4 5 |  5.0
Short Blades   | 4 7 9 10 | 10.0
Fighting       | 3 5 |  5.0
Spellcasting   | 4 5 |  5.2
Invocations    | 4 8 |  8.3
Ice Magic      | 4 |  4.4
Shields        | 2 |  2.7
Throwing       | 2 |  2.1

Action                   |  1- 3 |  4- 6 |  7- 9 | 10-12 | 13-15 || total
-------------------------+-------+-------+-------+-------+-------++-------
Melee: Dagger            |    86 |   195 |   489 |   672 |    56 ||  1498
       Staff             |       |       |       |    13 |       ||    13
Throw: Boomerang         |       |       |     1 |     5 |       ||     6
       Dart              |       |       |       |     5 |       ||     5
 Cast: Sting             |    23 |    19 |    16 |     3 |       ||    61
       Poisonous Vapours |     2 |    24 |    44 |   148 |     2 ||   220
       Mephitic Cloud    |       |       |    10 |    13 |       ||    23
       Ignite Poison     |       |       |     6 |    40 |     2 ||    48
       Olgreb's Toxic Ra |       |       |     3 |    23 |     2 ||    28
Evoke: Wand              |       |       |       |     8 |       ||     8
  Use: Scroll            |     4 |    10 |    10 |    10 |     1 ||    35
       Potion            |       |     1 |     1 |     1 |     3 ||     6
 Stab: Sleeping          |     3 |    13 |    21 |    18 |     1 ||    56
       Confused          |       |       |     7 |     4 |       ||    11
       Distracted        |       |       |       |     2 |       ||     2
       Petrified         |       |       |       |       |     2 ||     2
       Petrifying        |       |       |       |       |     1 ||     1
Armor: Robe              |     5 |    19 |    31 |    21 |       ||    76
Dodge: Dodged            |    92 |   166 |   422 |   356 |    17 ||  1053
Block: Other             |       |       |    72 |    61 |       ||   133
       Reflection        |       |       |       |     7 |     1 ||     8
       Buckler           |       |       |       |   127 |    28 ||   155

Table legend:
 A = Non-vault XP
 B = Vault XP
 C = Vault XP percentage of total XP
 D = Non-vault monster count
 E = Vault monster count
 F = Vault count percentage of total count
                 A         B        C        D         E       F
            +---------+---------+-------+---------+---------+-------
      Total |   23556 |   18082 |  43.4 |     351 |     157 |  30.9
            +---------+---------+-------+---------+---------+-------
        D:1 |      61 |       0 |   0.0 |      28 |       0 |   0.0
        D:2 |      66 |      22 |  25.0 |      19 |       3 |  13.6
        D:3 |     181 |     154 |  46.0 |      33 |      18 |  35.3
        D:4 |     638 |     215 |  25.2 |      30 |       5 |  14.3
        D:5 |     401 |       0 |   0.0 |      24 |       0 |   0.0
        D:6 |    1209 |       0 |   0.0 |      35 |       0 |   0.0
        D:7 |     721 |     212 |  22.7 |      15 |       2 |  11.8
        D:8 |     577 |     430 |  42.7 |      21 |       1 |   4.5
        D:9 |    1124 |    1335 |  54.3 |      26 |      28 |  51.9
     Lair:1 |    2596 |    2339 |  47.4 |      16 |      11 |  40.7
     Lair:2 |    3894 |    3780 |  49.3 |      14 |      16 |  53.3
     Lair:3 |    1101 |    1588 |  59.1 |       6 |       4 |  40.0
     Lair:4 |    1560 |     248 |  13.7 |       8 |       2 |  20.0
     Lair:5 |     103 |    1950 |  95.0 |       1 |       4 |  80.0
      Orc:1 |    5810 |       0 |   0.0 |      47 |       0 |   0.0
      Orc:2 |    3514 |    4958 |  58.5 |      28 |      60 |  68.2
   Gauntlet |       0 |     851 | 100.0 |       0 |       3 | 100.0
            +---------+---------+-------+---------+---------+-------
